 Dungeon Crawl Stone Soup version 0.28-a0-384-g9e0c098162 (webtiles) character file.

Game seed: 8080825085103016635

1407 Leszczynek the Skirmisher (level 9, -1/72 HPs)
             Began as a Human Gladiator on Sept 2, 2021.
             Was a Believer of Cheibriados.
             Slain by a wyvern zombie (9 damage)
             ... on level 8 of the Dungeon.
             The game lasted 00:24:16 (3081 turns).

Leszczynek the Skirmisher (Human Gladiator)         Turns: 3081, Time: 00:24:17

Health: -1/72      AC:  8    Str: 20    XL:     9   Next: 1%
Magic:  9/12       EV: 12    Int: 17    God:    Cheibriados [**....]
Gold:   242        SH:  0    Dex: 19    Spells: 8/11 levels left

rFire   + . .      SeeInvis .   a - +3 war axe
rCold   . . .      Faith    .   (no shield)
rNeg    . . .      Spirit   .   h - +2 ring mail {rF+}
rPois   .          Reflect  .   c - +0 helmet
rElec   .          Harm     .   (no cloak)
rCorr   .          Rampage  .   (no gloves)
Will    .....                   (no boots)
Stlth   +.........              (no amulet)
HPRegen 0.22/turn               (no ring)
MPRegen 0.13/turn               (no ring)

@: very slow
A: no striking features
a: Renounce Religion, Bend Time


You were on level 8 of the Dungeon.
You worshipped Cheibriados.
Cheibriados was pleased with you.
You visited 2 branches of the dungeon, and saw 10 of its levels.

You collected 242 gold pieces.

Inventory:

Hand Weapons
 a - a +3 war axe (weapon)
 q - a +0 hand axe of flaming
Missiles
 d - 3 throwing nets
 i - 6 javelins
 j - 23 bolts
 m - 38 arrows
 n - 157 stones
 o - 57 poisoned darts (quivered)
Armour
 c - a +0 helmet (worn)
 h - a +2 ring mail of fire resistance (worn)
Wands
 b - a wand of mindburst (11)
 r - a wand of polymorph (14)
Scrolls
 e - a scroll of amnesia
 f - a scroll of magic mapping
 g - 2 scrolls of identify {@r1}
 s - a scroll of teleportation


   Skills:
 + Level 7.5 Fighting
 - Level 6.0 Axes
 - Level 2.0 Throwing
 - Level 3.0 Dodging
 + Level 1.9 Spellcasting
 + Level 2.5 Earth Magic
 - Level 4.0 Invocations


You had 8 spell levels left.
You knew the following spells:

 Your Spells              Type           Power      Damage    Failure   Level
a - Stone Arrow           Conj/Erth      10%        3d7       52%         3

Your spell library contained the following spells:

 Spells                   Type           Power      Damage    Failure   Level
 Summon Small Mammal      Summ           4%         N/A       34%         1
 Slow                     Hex            1%         N/A       45%         2
 Call Canine Familiar     Summ           1%         N/A       71%         3
 Confusing Touch          Hex            1%         N/A       71%         3
 Summon Guardian Golem    Hex/Summ       1%         N/A       71%         3
 Vampiric Draining        Necr           0%         2d6       71%         3
 Bolt of Magma            Conj/Fire/Erth 2%         4d4       100%        5
 Shatter                  Erth           5%         3d8*      100%        9


Dungeon Overview and Level Annotations

Branches:
Dungeon (9/15)             Temple (1/1) D:4
   Lair: D:8-11         Orc: D:9-12

Altars:
Ashenzari
Cheibriados
Dithmenos
Elyvilon
Fedhas
Gozag
Hepliaklqana
Kikubaaqudgha
Makhleb
Nemelex Xobeh
Okawaru
Qazlal
Ru
Sif Muna
Trog
Uskayaw
Vehumet
Yredelemnul
Zin
The Shining One


Message History

The orc priest looks encouraged for a moment.
You slash the orc priest!
You kill the orc priest!
Cheibriados appreciates the change of pace.
You have reached level 9!
Your experience leads to an increase in your attributes!
Your base attributes are Str 15, Int 11, Dex 14.
Increase (S)trength, (I)ntelligence, or (D)exterity?
You feel clever.
You slash the kobold!
You kill the kobold!
Cheibriados appreciates the change of pace.
You completely miss the kobold. The kobold barely misses you.
You closely miss the kobold.
The kobold hits you but does no damage. x2
You slash the kobold!
You kill the kobold!
Cheibriados appreciates the change of pace.
The orc barely misses you.
Unknown command.
The flow of time bends around you.
Cheibriados rebukes the wyvern zombie.
The wyvern zombie seems to slow down.
Cheibriados rebukes the orc.
The orc seems to slow down.
The wyvern zombie bites you!
* * * LOW HITPOINT WARNING * * *
Unknown command.
You feel better. The orc hits you with a +0 flail.
* * * LOW HITPOINT WARNING * * *
The wyvern zombie closely misses you.
Unknown command.
You completely miss the wyvern zombie.
The wyvern zombie is heavily damaged.
You hit the orc. The wyvern zombie closely misses you.
The orc hits you with a +0 flail.
* * * LOW HITPOINT WARNING * * *
Unknown command.
You hit the wyvern zombie but do no damage.
The wyvern zombie is heavily damaged.
You closely miss the orc. The wyvern zombie bites you!
You die...

. ..#........ .K##.#........
######## .......... #......# #
K..... #.####.# .#.##K.# #.#
#.# .#..).K#### #.# #.#
.####.K..K# #####.# #.# # .##
##.##o# #.....# #.# #.####..#
#†##@# #.....# #.#
#.....#.####..Z.# #.)...# #.#
###..........#### #.....# #..
#......#.#....# #.....######
#......#.#..#.# #...........
#......#.#..#.# #..######...
#........#..#.# #..# ###.#.
#.....#.......### #..# #...#.
#...............###..####.#...


You could see an orc (slow), a wyvern zombie (slow) and a kobold.

Vanquished Creatures
  A water moccasin (D:7)
  A black bear (D:4)
  An orc warrior (D:5)
  A necrophage (D:5)
  A kobold brigand (D:8)
  2 bullfrogs
  A scorpion (D:5)
  A bullfrog zombie (D:4)
  A jelly (D:4)
  8 orc priests
  3 hounds
  A bullfrog skeleton (D:4)
  2 iguanas
  5 orc wizards
  A killer bee zombie (D:8)
  A howler monkey zombie (D:5)
  An adder (D:6)
  2 white imps
  2 ufetubi
  A worm (D:3)
  2 dart slugs
  33 orcs
  7 ball pythons
  A bat (D:1)
  5 endoplasms
  2 giant cockroaches
  4 hobgoblins
  3 jackals (D:2)
  10 kobolds
  3 quokkas
  3 goblins
  4 rats
114 creatures vanquished.

Vanquished Creatures (others)
  2 fungi (D:5)
  3 plants (D:2)
5 creatures vanquished.

Grand Total: 119 creatures vanquished

Notes
Turn   | Place    | Note
-------+----------+-------------------------------------------
     0 | D:1      | Leszczynek the Human Gladiator began the quest for the Orb.
     0 | D:1      | Reached XP level 1. HP: 16/16 MP: 1/1
   136 | D:1      | Reached XP level 2. HP: 19/22 MP: 2/2
   506 | D:2      | Reached XP level 3. HP: 20/28 MP: 3/3
   663 | D:2      | HP: 4/28 [worm (9)]
   902 | D:3      | Reached skill level 4 in Axes
  1176 | D:3      | You are suddenly yanked towards a nearby monster!
  1184 | D:3      | Reached XP level 4. HP: 29/34 MP: 4/4
  1317 | D:4      | Found a staircase to the Ecumenical Temple.
  1340 | Temple   | Entered the Ecumenical Temple
  1446 | Temple   | Became a worshipper of Cheibriados the Contemplative
  1499 | D:4      | Reached skill level 3 in Fighting
  1538 | D:4      | Reached XP level 5. HP: 31/41 MP: 5/5
  1621 | D:4      | Reached skill level 4 in Fighting
  1704 | D:4      | Noticed a black bear
  1727 | D:4      | Killed a black bear
  1728 | D:4      | Reached skill level 5 in Axes
  1728 | D:4      | Reached XP level 6. HP: 37/49 MP: 2/6
  1828 | D:5      | Entered Level 5 of the Dungeon
  1839 | D:5      | Reached skill level 5 in Fighting
  1910 | D:5      | Reached XP level 7. HP: 45/56 MP: 7/7
  2024 | D:4      | Reached * piety under Cheibriados
  2065 | D:5      | Reached skill level 6 in Fighting
  2168 | D:5      | HP: 10/58 [something/puff of flame (9)]
  2178 | D:5      | Reached skill level 1 in Invocations
  2271 | D:5      | Noticed a water moccasin
  2348 | D:5      | Reached XP level 8. HP: 47/65 MP: 4/9
  2355 | D:5      | Reached skill level 6 in Axes
  2369 | D:5      | Reached skill level 2 in Invocations
  2668 | D:7      | Reached skill level 3 in Invocations
  2677 | D:7      | Reached ** piety under Cheibriados
  2690 | D:7      | Reached skill level 7 in Fighting
  2695 | D:7      | Learned a level 3 spell: Stone Arrow
  2716 | D:7      | Reached skill level 4 in Invocations
  2782 | D:7      | Reached skill level 1 in Earth Magic
  2854 | D:7      | Found a shadowy altar of Dithmenos.
  2867 | D:7      | Reached skill level 1 in Spellcasting
  3037 | D:8      | Reached skill level 2 in Earth Magic
  3074 | D:8      | Reached XP level 9. HP: 18/72 MP: 12/12
  3078 | D:8      | HP: 8/72 [wyvern zombie (11)]
  3081 | D:8      | Slain by a wyvern zombie

Illustrated notes

Levels and vault maps discovered:
D:1:      dpeg_arrival_pond, layout_basic
D:2:      layout_basic, serial_bayou_pond_d
D:3:      layout_basic, uniq_sigmund
D:4:      layout_cave_pods, minmay_temple_entry_waves, nicolae_underground_beach
D:5:      layout_cave_pools, uniq_crazy_yiuf_cottage
D:6:      layout_gridville
D:7:      cheibrodos_iron_armory, layout_basic,
          nicolae_dithmenos_through_a_glass_darkly
D:8:      layout_basic, unseen_surprise_small
D:9:      layout_roguey, david_orc_5, serial_shops, shop, disabler_island,
          uniq_gastronok, uniq_grum
Temple:   minmay_crystal_snake_temple

Skill      XL: |  1  2  3  4  5  6  7  8 |
---------------+-------------------------+-----
Axes           | 4 5 6 |  6.0
Fighting       | 3 4 5 6 7 |  7.5
Invocations    | 1 4 |  4.0
Earth Magic    | 2 |  2.5
Spellcasting   | 1 |  1.9
Throwing       | |  2.0
Dodging        | |  3.0

Action                   |  1- 3 |  4- 6 |  7- 9 || total
-------------------------+-------+-------+-------++-------
Melee: War axe           |   109 |    69 |   168 ||   346
       Hand axe          |       |       |     3 ||     3
Throw: Dart              |    12 |     3 |    11 ||    26
       Stone             |       |     9 |     2 ||    11
Invok: Bend Time         |       |     1 |     5 ||     6
  Use: Scroll            |     4 |     4 |     1 ||     9
       Potion            |       |       |     2 ||     2
Armor: Leather armour    |    12 |       |       ||    12
       Ring mail         |    17 |    37 |    66 ||   120
       Scale mail        |     4 |       |       ||     4
Dodge: Dodged            |    76 |    49 |   108 ||   233

Table legend: (Time is in decaauts)
 A = Elapsed time spent in this place.
 B = Non-inter-level travel time spent in this place.
 C = Inter-level travel time spent in this place.
 D = Time resting spent in this place.
 E = Time spent auto-exploring this place.
 F = Levels seen in this place.
 G = Mean time per level.
                   A        B        C        D        E       F      G
               +--------+--------+--------+--------+--------+-----+--------+
         Total |   3715 |   3645 |     70 |     18 |      0 |  10 |  371.5 |
       Dungeon |   3582 |   3512 |     70 |     18 |      0 |   9 |  398.0 |
        Temple |    133 |    133 |      0 |      0 |      0 |   1 |  133.0 |
               +--------+--------+--------+--------+--------+-----+--------+

Top non-repeatable levels by time:
     D:4: 708 daAuts
     D:5: 578 daAuts
     D:3: 573 daAuts
     D:2: 502 daAuts
     D:1: 324 daAuts
     D:7: 313 daAuts
     D:6: 299 daAuts
     D:8: 281 daAuts
  Temple: 133 daAuts
     D:9: 1 daAuts
